 Dungeon Crawl Stone Soup version 0.30-a0-777-ga9a30cbeda (webtiles) character file.

Game seed: 13968266049688005676

26537 Frost42 the Tortoise (level 12, 0/110 HPs)
             Began as a Minotaur Fighter on Feb 8, 2023.
             Was a High Priest of Okawaru.
             Slain by an 18-headed hydra (3 damage)
             ... on level 13 of the Dungeon on Feb 13, 2023.
             The game lasted 01:23:25 (16408 turns).

Frost42 the Tortoise (Minotaur Fighter)            Turns: 16408, Time: 01:23:26

Health: 0/110      AC: 21    Str: 26    XL:     12   Next: 99%
Magic:  11/11      EV:  9    Int: 12    God:    Okawaru [*****.]
Gold:   241        SH: 16    Dex: 10    Spells: 11/11 levels left

rFire   + . .      SeeInvis .    A - +6 hand axe
rCold   . . .      Faith    .    l - +1 buckler {reflect}
rNeg    . . .      Spirit   .    O - +3 chain mail
rPois   .          Reflect  +    y - +1 hat
rElec   .          Harm     .    (no cloak)
rCorr   .          Rampage  .    q - +0 pair of gloves of the Armoured One {Str+2 Int+3}
Will    .....                    f - +0 pair of boots Stlth
                                 a - amulet of reflection
HPRegen 0.38/turn                F - ring of flight
MPRegen 0.12/turn                M - +4 ring of slaying

@: flying
A: horns 2, retaliatory headbutt, large bone plates 1, clever 1, fire resistance
1
a: Renounce Religion, Heroism, Finesse, Duel


You were on level 13 of the Dungeon.
You worshipped Okawaru.
Okawaru was extremely pleased with you.
You visited 2 branches of the dungeon, and saw 14 of its levels.
You also visited: Sewer, Ossuary and Bailey.

You collected 793 gold pieces.
You spent 552 gold pieces at shops.

Inventory:

Hand Weapons
 b - a +4 scimitar
 h - a +0 broad axe
 o - a +2 glaive of protection
 p - a +2 war axe of venom
 A - a +6 hand axe (weapon)
 Q - a +4 morningstar of freezing
 U - a +3 mace of holy wrath
 W - a +2 shortbow of freezing
Missiles
 i - 127 stones
 k - 26 poisoned darts (quivered)
 J - 5 boomerangs
 T - 6 javelins
Armour
 f - a +0 pair of boots (worn)
 l - a +1 buckler of reflection (worn)
 q - the +0 pair of gloves of the Armoured One (worn) {Str+2 Int+3}
   (You found it on level 2 of the Dungeon)

   Str:       It affects your strength (+2).
   Int:       It affects your intelligence (+3).
 y - a +1 hat (worn)
 H - a +0 scale mail of fire resistance
 O - a +3 chain mail (worn)
 V - a +2 ring mail of positive energy
Jewellery
 a - an amulet of reflection (around neck)
 E - a ring of flight
 F - a ring of flight (left hand)
 M - a +4 ring of slaying (right hand)
 S - an amulet of magic regeneration
Wands
 c - a wand of quicksilver (3)
 g - a wand of roots (9)
 r - a wand of flame (1)
 G - a wand of paralysis (4)
Scrolls
 n - a scroll of magic mapping
 s - 4 scrolls of noise
 u - a scroll of enchant armour {unknown}
 x - 7 scrolls of teleportation
 C - 2 scrolls of blinking
 D - 2 scrolls of fog
 I - 2 scrolls of fear
 L - a scroll of brand weapon {unknown}
 N - a scroll of butterflies {unknown}
 P - a scroll of poison {unknown}
Potions
 d - 3 potions of might
 e - a potion of heal wounds
 j - 2 potions of haste {unknown}
 m - 10 potions of curing
 t - a potion of flight {unknown}
 v - 3 potions of resistance
 w - 2 potions of brilliance {unknown}
 z - 3 potions of cancellation
 B - 4 potions of invisibility
 K - a potion of magic {unknown}
 R - a potion of berserk rage {unknown}


   Skills:
 + Level 11.6 Fighting
 * Level 14.4(14.6) Axes
 - Level 4.5(10.4) Polearms
 * Level 15.6 Armour
 + Level 11.5 Shields


You had 11 spell levels left.
You didn't know any spells.
Your spell library contained the following spells:

 Spells                   Type           Power      Damage    Failure   Level
 Cigotuvi's Dreadful Rot  Necr/Pois/Air  0%         N/A       91%         2
 Poisonous Vapours        Pois/Air       0%         N/A       91%         2
 Gell's Gravitas          Tloc           0%         N/A       99%         3
 Hailstorm                Conj/Ice       0%         3d3       99%         3
 Mephitic Cloud           Conj/Pois/Air  0%         N/A       99%         3
 Ozocubu's Armour         Ice            0%         N/A       99%         3
 Teleport Other           Tloc           0%         N/A       99%         3
 Ice Form                 Ice/Tmut       0%         N/A       100%        4
 Petrify                  Tmut/Erth      0%         N/A       100%        4
 Metabolic Englaciation   Hex/Ice        0%         N/A       100%        5
 Dispersal                Tloc           0%         N/A       100%        6
 Statue Form              Tmut/Erth      0%         N/A       100%        6
 Chain Lightning          Conj/Air       0%         N/A       100%        9
 Fire Storm               Conj/Fire      0%         5d1       100%        9
 Shatter                  Erth           0%         3d5*      100%        9
 Summon Forest            Summ/Tloc      Unusable   N/A       N/A         5
 Summon Mana Viper        Hex/Summ       Unusable   N/A       N/A         5
 Simulacrum               Ice/Necr       Unusable   N/A       N/A         6
 Summon Cactus Giant      Summ           Unusable   N/A       N/A         6

Dungeon Overview and Level Annotations

Branches:
Dungeon (13/15)            Temple (1/1) D:7            Lair (0/5) D:9
    Orc (0/2) D:9          Vaults (0/5) D:13          Sewer (visited)
Ossuary (visited)          Bailey (visited)

Altars:
Ashenzari
Cheibriados
Dithmenos
Elyvilon
Fedhas
Gozag
Hepliaklqana
Kikubaaqudgha
Makhleb
Nemelex Xobeh
Okawaru
Qazlal
Ru
Sif Muna
Trog
Uskayaw
Vehumet
Wu Jian
Xom
Yredelemnul
Zin
The Shining One

Shops:
D:7 =   D:8 =   D:9 =   D:10 :

Annotations:
D:7 3 runed translucent doors, valliere's ghost, novice OpSu


Innate Abilities, Weirdness & Mutations

You have a pair of horns on your head.
You reflexively headbutt those who attack you in melee.
You are partially covered in large bone plates. (SH +4)
Your mind is acute. (Int +4, Str/Dex -1)
Your flesh is heat resistant. (rF+)


Message History

The 16-headed hydra bites you.
The 16-headed hydra bites you but does no damage. x3
The 16-headed hydra bites you. The 16-headed hydra bites you!
The 16-headed hydra bites you but does no damage. x2
You completely miss the 16-headed hydra.
Your headbutt misses the 16-headed hydra.
The 16-headed hydra is lightly wounded.
The 16-headed hydra bites you but does no damage.
You block the 16-headed hydra's attack.
The 16-headed hydra bites you but does no damage.
You block the 16-headed hydra's attack. The 16-headed hydra barely misses you.
The 16-headed hydra bites you.
The 16-headed hydra bites you but does no damage. x4
The 16-headed hydra closely misses you. You block the 16-headed hydra's attack.
The 16-headed hydra bites you but does no damage. x2
The 16-headed hydra bites you.
The 16-headed hydra bites you but does no damage.
You chop one of the 16-headed hydra's heads off!
The 15-headed hydra grows two more!
You slice the 17-headed hydra!!
The 17-headed hydra is moderately wounded.
You lop one of the 17-headed hydra's heads off!
The 16-headed hydra grows two more!
You slash the 18-headed hydra! You headbutt the 18-headed hydra!
The 18-headed hydra is heavily wounded.
The 18-headed hydra bites you. You block the 18-headed hydra's attack.
The 18-headed hydra bites you. x2; The 18-headed hydra bites you!
* * * LOW HITPOINT WARNING * * *
The 18-headed hydra bites you but does no damage.
You block the 18-headed hydra's attack.
The 18-headed hydra bites you but does no damage. x2
The 18-headed hydra bites you.
* * * LOW HITPOINT WARNING * * *
You block the 18-headed hydra's attack. The 18-headed hydra bites you!
* * * LOW HITPOINT WARNING * * *
The 18-headed hydra closely misses you. The 18-headed hydra barely misses you.
The 18-headed hydra bites you but does no damage.
The 18-headed hydra bites you!
* * * LOW HITPOINT WARNING * * *
The 18-headed hydra bites you.
You die...

... #.....# #... ......#
#.....#######... .....#
#............... #....+
#............... #....#
#.....#####'###. #....#
#...###.).....'. #....#
#...#.........'.
#....#######...#.........#.
######........D@....#.........#[
#...................#.........#.
#...................####'######.
#..#+#######....................
#..# #...................> #..#
#.......#########.... #..#
#.......# #....
#..#########.......# ....
#............^.....# ....


You could see a 18-headed hydra.

Vanquished Creatures
  Gastronok (D:12)
  A catoblepas (D:13)
  2 centaur warriors
  4 two-headed ogres
  Urug (D:11)
  8 death yaks (D:8)
  Nergalle (D:12)
  A wizard (D:13)
  2 deep elf pyromancers
  An orc knight (Bailey)
  2 ugly things
  4 cyclopes
  Maggie (D:8)
  6 trolls
  A hornet (D:8)
  Sigmund (D:2)
  6 slime creatures (D:13)
  12 yaks
  7 vampire mosquitoes (D:10)
  2 steam dragons
  A water moccasin (D:7)
  8 orc warriors
  2 ice beasts
  A black bear (D:5)
  Pargi (Sewer)
  12 centaurs
  A kobold brigand (D:8)
  3 bullfrogs (D:7)
  A necrophage (D:4)
  5 scorpions
  6 water moccasin zombies (Ossuary)
  19 wights
  6 killer bees (D:10)
  9 howler monkeys
  6 hounds
  4 orc priests
  A gnoll bouda (D:5)
  4 jellies
  4 iguanas
  Jessica (D:2)
  11 orc wizards
  3 mummies
  12 gnolls
  7 adders
  2 white imps
  3 ufetubi
  2 adder zombies (Ossuary)
  2 worms (D:3)
  3 dart slugs
  45 orcs
  A bat (D:1)
  5 endoplasms
  8 giant cockroaches
  4 gnoll zombies (Ossuary)
  17 goblins
  9 hobgoblins
  7 jackals
  9 quokkas
  7 ball pythons
  3 frilled lizards (Sewer)
  4 hobgoblin zombies (Ossuary)
  9 kobolds
  4 kobold zombies (Ossuary)
  5 orc zombies (Ossuary)
  4 rats
345 creatures vanquished.

Vanquished Creatures (others)
  An orc wizard (D:9)
  An orc (D:9)
2 creatures vanquished.

Grand Total: 347 creatures vanquished

Notes
Turn   | Place    | Note
-------+----------+-------------------------------------------
     0 | D:1      | Frost42 the Minotaur Fighter began the quest for the Orb.
     0 | D:1      | Reached XP level 1. HP: 19/19 MP: 0/0
   167 | D:1      | Reached XP level 2. HP: 27/27 MP: 1/1
   283 | D:1      | Reached skill level 4 in Armour
  1012 | D:1      | Upgraded the game from 0.30-a0-748-ge6a52f7cba to
                  | 0.30-a0-757-ga6a79fd877
  1067 | D:2      | Identified the +0 pair of gloves of the Armoured One {Str+2
                  | Int+3}
  1149 | D:2      | Noticed Sigmund
  1166 | D:2      | Gained mutation: Your flesh is heat resistant. (rF+)
                  | [potion of mutation]
  1166 | D:2      | Gained mutation: Your mind is acute. (Int +4, Str/Dex -1)
                  | [potion of mutation]
  1166 | D:2      | Gained mutation: You are partially covered in large bone
                  | plates. (SH +4) [potion of mutation]
  1168 | D:2      | Killed Sigmund
  1169 | D:2      | Reached skill level 5 in Armour
  1169 | D:2      | Reached XP level 3. HP: 15/34 MP: 2/2
  1169 | D:2      | Reached XP level 4. HP: 19/41 MP: 3/3
  1169 | D:2      | Reached XP level 5. HP: 21/47 MP: 4/4
  1310 | D:2      | Noticed Jessica
  1313 | D:2      | Killed Jessica
  1525 | D:2      | Identified the +3 mace of Qeko {protect, *Noise Int+5}
  1800 | D:2      | Upgraded the game from 0.30-a0-757-ga6a79fd877 to
                  | 0.30-a0-760-g5a9884bb7c
  2157 | D:3      | Found a faded altar of an unknown god.
  2551 | D:3      | Found a glowing drain.
  2555 | D:3      | Reached XP level 6. HP: 51/55 MP: 5/5
  2580 | D:3      | Reached skill level 5 in Shields
  2612 | Sewer    | Entered a sewer
  2654 | Sewer    | Noticed Pargi
  2657 | Sewer    | Killed Pargi
  2658 | Sewer    | Reached skill level 5 in Fighting
  2658 | Sewer    | Reached skill level 6 in Armour
  2956 | D:3      | Found an ornate altar of the Wu Jian Council.
  3708 | D:4      | Reached skill level 1 in Axes
  3708 | D:4      | Reached XP level 7. HP: 59/61 MP: 6/6
  4276 | D:5      | Entered Level 5 of the Dungeon
  4370 | D:5      | Reached skill level 7 in Armour
  4814 | D:5      | Reached XP level 8. HP: 58/70 MP: 7/7
  4919 | D:5      | Upgraded the game from 0.30-a0-760-g5a9884bb7c to
                  | 0.30-a0-777-ga9a30cbeda
  5159 | D:5      | Reached skill level 8 in Armour
  5982 | D:6      | Reached skill level 5 in Axes
  6501 | D:7      | Found a staircase to the Ecumenical Temple.
  6518 | D:7      | Reached skill level 9 in Armour
  6531 | D:7      | Reached XP level 9. HP: 66/79 MP: 8/8
  6540 | D:7      | Found Ixopodez's Jewellery Shoppe.
  6548 | D:7      | Bought a ring of flight for 192 gold pieces
  6640 | D:7      | Found a runed translucent gate.
  6717 | D:7      | Found a runed translucent gate.
  6717 | D:7      | Noticed valliere's ghost (novice OpSu)
  6718 | D:7      | Found a runed translucent gate.
  6787 | D:7      | Found a flagged portal.
  6832 | Bailey   | Entered a bailey
  7222 | Bailey   | Noticed an orc knight
  7236 | Bailey   | Killed an orc knight
  7237 | Bailey   | Reached skill level 10 in Armour
  7437 | Bailey   | Noticed an orc warlord
  7771 | Temple   | Entered the Ecumenical Temple
  7862 | Temple   | Became a worshipper of Warmaster Okawaru
  8128 | D:8      | Found Huymacky's Jewellery Emporium.
  8129 | D:8      | Noticed Maggie
  8139 | D:8      | Killed Maggie
  8256 | D:8      | Found a sand-covered staircase.
  8264 | Ossuary  | Entered an ossuary
  8293 | Ossuary  | Reached XP level 10. HP: 88/88 MP: 9/9
  8481 | D:8      | Reached * piety under Okawaru
  8482 | D:8      | Reached skill level 11 in Armour
  8658 | D:8      | Found a snail-covered altar of Cheibriados.
  8673 | D:8      | Found a blossoming altar of Fedhas.
  9641 | D:9      | Noticed a two-headed ogre
  9661 | D:9      | Killed a two-headed ogre
  9899 | D:9      | Reached ** piety under Okawaru
 10001 | D:9      | Reached skill level 10 in Axes
 10102 | D:9      | Noticed a death yak
 10107 | D:9      | Found a staircase to the Lair.
 10108 | D:9      | Noticed a death yak
 10108 | D:9      | Noticed a death yak
 10108 | D:9      | Noticed a death yak
 10109 | D:9      | Noticed a death yak
 10109 | D:9      | Noticed a death yak
 10151 | D:8      | Killed a death yak
 10152 | D:8      | Reached skill level 12 in Armour
 10313 | D:8      | Killed a death yak
 10496 | D:8      | Killed a death yak
 10496 | D:8      | Reached *** piety under Okawaru
 10497 | D:8      | Reached XP level 11. HP: 65/97 MP: 10/10
 10633 | D:9      | Identified the +1 robe of the Good {rPois}
 10650 | D:9      | Found a staircase to the Orcish Mines.
 10932 | D:9      | Noticed a death yak
 10933 | D:9      | Noticed a death yak
 10978 | D:8      | Killed a death yak
 10988 | D:8      | Killed a death yak
 10988 | D:8      | Reached **** piety under Okawaru
 11045 | D:8      | Killed a death yak
 11067 | D:8      | Killed a death yak
 11068 | D:8      | Reached skill level 13 in Armour
 11246 | D:8      | Killed a death yak
 11534 | D:9      | Found Naivvatz's Jewellery Emporium.
 11640 | D:9      | Bought an amulet of reflection for 360 gold pieces
 11725 | D:10     | Entered Level 10 of the Dungeon
 11788 | D:10     | Found Puwyleff's Book Boutique.
 11859 | D:10     | Reached skill level 10 in Fighting
 11863 | D:10     | Reached skill level 10 in Shields
 11886 | D:10     | Reached ***** piety under Okawaru
 12015 | D:10     | Received a gift from Okawaru
 12747 | D:11     | Noticed a cyan ugly thing
 12754 | D:11     | Killed a cyan ugly thing
 12955 | D:11     | Noticed Urug
 12978 | D:11     | Killed Urug
 12979 | D:11     | Reached skill level 14 in Armour
 13202 | D:12     | Noticed a two-headed ogre
 13255 | D:11     | Noticed a centaur warrior
 13260 | D:11     | Reached XP level 12. HP: 59/107 MP: 11/11
 13262 | D:11     | Killed a centaur warrior
 13446 | D:12     | Noticed Nergalle
 13455 | D:12     | Noticed Gastronok
 13456 | D:12     | Killed Nergalle
 14199 | D:12     | Killed a two-headed ogre
 14226 | D:12     | Killed Gastronok
 14666 | D:13     | Reached skill level 15 in Armour
 14685 | D:13     | Noticed a two-headed ogre
 14689 | D:13     | Noticed a two-headed ogre
 14696 | D:13     | Found a gate to the Vaults.
 14700 | D:13     | Killed a two-headed ogre
 14700 | D:13     | Received a gift from Okawaru
 15545 | D:13     | Noticed a catoblepas
 15547 | D:13     | Noticed a four-headed hydra
 15781 | D:13     | Noticed a centaur warrior
 15795 | D:13     | Killed a centaur warrior
 16236 | D:13     | Killed a two-headed ogre
 16296 | D:13     | Killed a catoblepas
 16408 | D:13     | HP: 3/110 [18-headed hydra (12)]
 16408 | D:13     | Slain by an 18-headed hydra

Illustrated notes

Levels and vault maps discovered:
D:1:      wander_arrival_peaceful_grave, layout_basic, serial_corexii_hall,
          chequers_hall_statues_y, corexii_hall_statues_s,
          corexii_hall_statues_s, minmay_misc_feat_tower,
          corexii_hall_statues_s, dreamdust_princess_corridor
D:2:      layout_loops_cross, hangedman_decor_growths, uniq_jessica,
          uniq_sigmund
D:3:      layout_loops_ring, general_overflow_altar,
          shapermc_ecumenical_altar_starsandcircs, portal_sewer_entry_d,
          minivault_5
D:4:      layout_rooms
D:5:      layout_basic
D:6:      layout_loops_ring
D:7:      layout_rooms, minmay_temple_entry_ruins, serial_shops,
          nicolae_square_shop, ebering_ghost_rock_garden, enter_bailey_5
D:8:      layout_basic, mainiacjoe_overflow_catwalk_spiral, serial_shops,
          nicolae_shop_stone, gup_ossuary_entry_pyramid, uniq_maggie
D:9:      layout_basic, dpeg_lair_monsters, david_orc_3,
          minmay_shop_enchanted_jewellery, kennysheep_generic_room_2
D:10:     layout_rooms, serial_shops, shop_fountains
D:11:     layout_cave_pools, uniq_urug
D:12:     layout_long_grid, uniq_nergalle, uniq_gastronok
D:13:     layout_irregular_city, david_vaults_1
Temple:   compressed_dpeg_triangle_lava_temple

Skill      XL: |  1  2  3  4  5  6  7  8  9 10 11 12 |
---------------+-------------------------------------+-----
Armour         | 5 6 7 9 10 12 14 15 | 15.6
Fighting       | 4 5 6 7 8 9 10 11 | 11.6
Shields        | 4 5 6 7 8 9 10 11 | 11.5
Polearms       | 3 4 |  4.5
Axes           | 1 3 6 8 10 12 14 | 14.4

Action                     |  1- 3 |  4- 6 |  7- 9 | 10-12 || total
---------------------------+-------+-------+-------+-------++-------
  Melee: Trident           |    47 |   108 |       |       ||   155
         Headbutt          |     6 |    16 |    41 |   126 ||   189
         Hand axe          |       |     6 |   296 |   472 ||   774
  Throw: Dart              |       |     5 |    41 |    41 ||    87
         Boomerang         |       |       |     4 |    29 ||    33
         Throwing net      |       |       |       |     2 ||     2
         Javelin           |       |       |       |     6 ||     6
  Evoke: Wand              |     1 |     3 |    17 |    21 ||    42
    Use: Potion            |     2 |       |     1 |     6 ||     9
         Scroll            |     1 |     6 |     8 |    16 ||    31
   Stab: Paralysed         |       |       |     4 |       ||     4
 Armour: Scale mail        |    38 |    51 |    63 |       ||   152
         Chain mail        |       |       |    73 |   302 ||   375
  Dodge: Dodged            |    25 |    54 |   107 |   158 ||   344
  Block: Buckler           |    12 |    67 |   156 |   348 ||   583
         Reflection        |       |       |       |    30 ||    30

Table legend: (Time is in decaauts)
 A = Elapsed time spent in this place.
 B = Non-inter-level travel time spent in this place.
 C = Inter-level travel time spent in this place.
 D = Time resting spent in this place.
 E = Time spent auto-exploring this place.
 F = Levels seen in this place.
 G = Mean time per level.
                   A        B        C        D        E       F      G
               +--------+--------+--------+--------+--------+-----+--------+
         Total |  16449 |  14705 |   1744 |   3845 |   1664 |  17 |  967.6 |
       Dungeon |  15349 |  13605 |   1744 |   3571 |   1612 |  13 | 1180.7 |
        Temple |    106 |    106 |      0 |      0 |      0 |   1 |  106.0 |
         Sewer |    189 |    189 |      0 |      0 |     47 |   1 |  189.0 |
       Ossuary |    189 |    189 |      0 |      7 |      0 |   1 |  189.0 |
        Bailey |    613 |    613 |      0 |    267 |      5 |   1 |  613.0 |
               +--------+--------+--------+--------+--------+-----+--------+

Top non-repeatable levels by time:
     D:8: 1916 daAuts
    D:13: 1566 daAuts
     D:9: 1498 daAuts
    D:12: 1394 daAuts
     D:5: 1152 daAuts
     D:4: 1084 daAuts
     D:3: 1077 daAuts
     D:2: 1056 daAuts
     D:1: 1019 daAuts
    D:11: 1011 daAuts
     D:6: 980 daAuts
     D:7: 904 daAuts
    D:10: 689 daAuts
  Bailey: 613 daAuts
 Ossuary: 189 daAuts
